 Dungeon Crawl Stone Soup version 0.26-a0-649-gf8c6c3aab7 (webtiles) character file.

Game seed: 3832215211621554643

35 Borbozo the Conjurer (level 3, 0/24 HPs)
             Began as a Human Conjurer on Sept 26, 2020.
             Slain by a worm (4 damage)
             ... on level 2 of the Dungeon.
             The game lasted 00:08:57 (1421 turns).

Borbozo the Conjurer (Human Conjurer)               Turns: 1421, Time: 00:08:58

Health: 0/24       AC:  3    Str:  7    XL:     3   Next: 55%
Magic:  1/6        EV: 11    Int: 19    God:
Gold:   28         SH:  0    Dex: 11    Spells: 5/6 levels left

rFire    . . .     SeeInvis .   d - +0 dagger
rCold    . . .     Faith    .   (no shield)
rNeg     . . .     Spirit   .   e - +0 leather armour
rPois    .         Reflect  .   (no helmet)
rElec    .         Harm     .   (no cloak)
rCorr    .         Rampage  .   (no gloves)
MR       .....                  (no boots)
Stlth    ++........             (no amulet)
HPRegen  0.08/turn              (no ring)
MPRegen  0.10/turn              (no ring)

@: no status effects
A: no striking features
a: no special abilities


You were on level 2 of the Dungeon.
You visited 1 branch of the dungeon, and saw 2 of its levels.

You collected 28 gold pieces.

Inventory:

Hand Weapons
 d - a +0 dagger (weapon)
Armour
 a - a +0 robe
 e - a +0 leather armour (worn)
Scrolls
 c - a scroll of remove curse {unknown}
Potions
 b - a potion of might {unknown}
 f - a potion of flight {unknown}
 g - a potion of resistance {unknown}


   Skills:
 + Level 2.3 Dodging
 + Level 2.2 Stealth
 + Level 2.1 Spellcasting
 + Level 4.7 Conjurations


You had 5 spell levels left.
You knew the following spells:

 Your Spells              Type           Power        Failure   Level
a - Magic Dart            Conj           ###.         3%          1

Your spell library contained the following spells:

 Spells                   Type           Power        Failure   Level
 Searing Ray              Conj           ###...       5%          2
 Dazzling Flash           Conj/Hex       ##....       28%         3
 Fulminant Prism          Conj/Hex       ##........   67%         4
 Iskenderun's Mystic Bla  Conj/Tloc      ##......     67%         4


Dungeon Overview and Level Annotations

Branches:
Dungeon (2/15)

Altars:


Message History

You hit the worm.
The worm is almost dead.
You hit the worm but do no damage.
The worm is almost dead.
The worm bites you.
* * * LOW HITPOINT WARNING * * *
You hit the worm but do no damage.
The worm is almost dead.
You hit the worm but do no damage.
The worm is almost dead.
The worm bites you but does no damage.
You hit the worm but do no damage.
The worm is severely wounded.
The worm bites you but does no damage.
You completely miss the worm.
The worm is severely wounded.
You hit the worm.
The worm is almost dead.
The worm bites you.
You die...

.# .. #.# ..#.... ..#.#
..#.[.. #.#.# ......# #.#.#
..#.#.# #.#.#
..#.#.######.#.#
...............# #
......######.#.######.#####
.w..............@w.<.......
#.#.#.###############......
#.#.#.# ##### #.#.#.#
#.#.#.# #.#.... #.....#
###.#.#


You could see a worm.

Vanquished Creatures
  An ooze (D:1)
  6 bats (D:1)
  2 giant cockroaches
  5 goblins (D:1)
  4 hobgoblins (D:1)
  A frilled lizard (D:1)
  4 kobolds (D:1)
  6 rats (D:1)
29 creatures vanquished.

Notes
Turn   | Place    | Note
-------+----------+-------------------------------------------
     0 | D:1      | Borbozo the Human Conjurer began the quest for the Orb.
     0 | D:1      | Reached XP level 1. HP: 13/13 MP: 3/3
   128 | D:1      | Reached XP level 2. HP: 19/19 MP: 0/5
   639 | D:1      | Reached XP level 3. HP: 24/24 MP: 4/6
  1421 | D:2      | Slain by a worm

Illustrated notes

Levels and vault maps discovered:
D:1:      scummos_arrival_simple_fountains, layout_loops_ring,
          roderic_lattice_a, ebering_dispersal_statue_hall
D:2:      layout_basic, cheibriados_altar_1, lemuel_crystal_altar,
          lemuel_coloured_pillars_altar, uniq_jessica, uniq_natasha

Action                   || total
-------------------------++-------
Melee: Dagger            ||     8
 Cast: Magic Dart        ||    71
Armor: Robe              ||    10
       Leather armour    ||     2
Dodge: Dodged            ||    27

Table legend: (Time is in decaauts)
 A = Elapsed time spent in this place.
 B = Non-inter-level travel time spent in this place.
 C = Inter-level travel time spent in this place.
 D = Time resting spent in this place.
 E = Time spent auto-exploring this place.
 F = Levels seen in this place.
 G = Mean time per level.
                   A        B        C        D        E       F      G
               +--------+--------+--------+--------+--------+-----+--------+
         Total |   1421 |   1421 |      0 |    399 |      0 |   2 |  710.5 |
       Dungeon |   1421 |   1421 |      0 |    399 |      0 |   2 |  710.5 |
               +--------+--------+--------+--------+--------+-----+--------+

Top non-repeatable levels by time:
     D:1: 1311 daAuts
     D:2: 110 daAuts
